 Dungeon Crawl Stone Soup version 0.28.0-43-g3370ac3207 (console) character file.

Game seed: 614938338303747724

20 Zeor the Chopper (level 2, -2/28 HPs)
             Began as a Deep Dwarf Berserker on Apr 2, 2022.
             Was a Follower of Trog.
             Slain by a gnoll
             ... wielding a +0 flail
              (9 damage)
             ... on level 1 of the Dungeon.
             The game lasted 00:00:41 (459 turns).

Zeor the Chopper (Deep Dwarf Berserker)              Turns: 459, Time: 00:00:41

Health: -2/28      AC:  2    Str: 20    XL:     2   Next: 58%
Magic:  2/2        EV: 12    Int:  7    God:    Trog [*.....]
Gold:   14         SH:  0    Dex: 12    Spells: 1/1 levels left

rFire   . . .      SeeInvis .   a - +0 hand axe
rCold   . . .      Faith    .   (no shield)
rNeg    + . .      Spirit   .   b - +0 animal skin
rPois   .          Reflect  .   (no helmet)
rElec   .          Harm     .   (no cloak)
rCorr   .          Rampage  .   (no gloves)
Will    .....                   (no boots)
Stlth   +.........              (no amulet)
HPRegen 0.00/turn               c - ring of positive energy
MPRegen 0.08/turn               (no ring)

@: no status effects
A: damage resistance, heal wounds, sense surroundings 1, no regeneration
a: Heal Wounds, Renounce Religion, Berserk


You were on level 1 of the Dungeon.
You worshipped Trog.
Trog was aware of your devotion.
You visited 1 branch of the dungeon, and saw 1 of its levels.

You collected 14 gold pieces.

Inventory:

Hand Weapons
 a - a +0 hand axe (weapon)
Armour
 b - a +0 animal skin (worn)
Jewellery
 c - a ring of positive energy (left hand)
Scrolls
 d - a scroll of teleportation {unknown}
Potions
 e - a potion of haste {unknown}
 f - a potion of heal wounds {unknown}


   Skills:
 + Level 3.0 Fighting
 * Level 3.9 Axes
 + Level 2.3 Armour
 + Level 2.3 Dodging


You had one spell level left.
You didn't know any spells.
Your spell library was empty.

Dungeon Overview and Level Annotations

Branches:
Dungeon (1/15)

Altars:


Innate Abilities, Weirdness & Mutations

You are resistant to damage.
You can heal yourself by infusing magical energy.
You passively map a small area around you.
You do not regenerate.


Message History

You barely miss the bat. The bat hits you but does no damage.
The hobgoblin hits you.
You completely miss the hobgoblin.
The hobgoblin is lightly wounded.
You hit the bat.
You kill the bat!
Trog accepts your kill. The hobgoblin barely misses you.
A gnoll comes into view. It is wielding a +0 flail.
The gnoll shouts!
You hit the hobgoblin but do no damage.
The hobgoblin is lightly wounded.
The hobgoblin closely misses you.
You barely miss the hobgoblin.
The hobgoblin is lightly wounded.
The hobgoblin closely misses you.
You hit the hobgoblin.
The hobgoblin is almost dead.
The hobgoblin closely misses you.
You hit the hobgoblin.
You kill the hobgoblin!
Trog accepts your kill.
You hit the gnoll but do no damage. The gnoll barely misses you.
You hit the gnoll.
The gnoll is moderately wounded.
The gnoll hits you with a +0 flail! The gnoll barely misses you.
You hit the gnoll.
The gnoll is heavily wounded.
The gnoll hits you with a +0 flail.
You hit the gnoll.
The gnoll is severely wounded.
The gnoll hits you with a +0 flail.
You hit the gnoll but do no damage.
The gnoll is severely wounded.
The gnoll hits you with a +0 flail!
* * * LOW HITPOINT WARNING * * *
You hit the gnoll.
The gnoll is almost dead.
The gnoll hits you with a +0 flail!
You die...

░ ▒∙∙∙∙∙∙∙∙∙∙∙∙∙▒∙∙∙∙∙'
▒▒∙∙∙∙∙∙∙∙∙∙∙∙∙▒▒▒▒▒▒▒
░∙∙∙∙∙∙∙∙∙▒∙∙∙∙∙∙∙∙∙∙∙▒
·░ ░
∙∙∙∙∙∙∙∙∙∙∙∙∙∙▒▒∙∙▒▒∙▒
··∙∙∙∙∙∙∙∙∙∙∙∙∙▒∙∙∙▒∙▒ ·
▒∙ · ∙∙∙▒∙▒▒▒∙∙∙∙∙∙∙∙∙∙
∙▒∙∙▒▒▒▒∙▒∙∙▒▒∙∙∙∙)∙∙∙∙∙
∙∙∙∙∙∙∙†∙†∙∙∙∙∙∙∙∙∙∙∙∙∙∙
·
∙∙∙∙∙∙gg∙∙∙▒▒∙∙∙∙∙∙∙[∙∙∙
∙∙∙∙∙▒▒▒∙▒▒▒▒∙∙∙∙∙∙∙∙∙∙∙
∙▒∙░ ▒∙▒ ▒▒∙∙∙∙∙∙∙∙∙∙
∙∙▒░ ▒▒∙∙∙▒∙∙∙▒∙ · ▒∙∙∙
▒▒▒▒▒▒∙∙∙∙ · · ▒▒▒▒
▒∙∙∙∙ ░ ▒∙∙∙∙ ▒▒▒▒▒


You could see a gnoll.

Vanquished Creatures
  A gnoll (D:1)
  A dart slug (D:1)
  A giant cockroach (D:1)
  2 hobgoblins (D:1)
  A quokka (D:1)
  A ball python (D:1)
  A bat (D:1)
8 creatures vanquished.

Notes
Turn   | Place    | Note
-------+----------+-------------------------------------------
     0 | D:1      | Zeor the Deep Dwarf Berserker began the quest for the Orb.
     0 | D:1      | Reached XP level 1. HP: 20/20 MP: 1/1
    73 | D:1      | Reached XP level 2. HP: 14/28 MP: 2/2
   459 | D:1      | Slain by a gnoll

Illustrated notes

Levels and vault maps discovered:
D:1:      elethiomel_arrival_quiet, layout_rooms

Skill      XL: |  1 |
---------------+----+-----
Fighting       | 3 |  3.0
Axes           | |  3.9
Armour         | |  2.3
Dodging        | |  2.3

Action                   || total
-------------------------++-------
Melee: Hand axe          ||    31
 Abil: Heal Wounds       ||     1
Armor: Animal skin       ||     2
Dodge: Dodged            ||    19
